 Dungeon Crawl Stone Soup version 0.21-a0-591-g2314aa1 (webtiles) character file.

175 Amnesiac the Vexing (level 5, -6/53 HPs)
             Began as an Ogre Arcane Marksman on Dec 22, 2017.
             Mangled by a centaur (10 damage)
             ... on level 6 of the Dungeon.
             The game lasted 00:05:37 (1749 turns).

Amnesiac the Vexing (Ogre Arcane Marksman)          Turns: 1749, Time: 00:05:38

Health: -6/53      AC:  7    Str: 14    XL:     5   Next: 55%
Magic:  1/9        EV: 10    Int: 14    God:
Gold:   46         SH:  0    Dex: 10    Spells: 4/9 levels left

rFire    + . .     SeeInvis +   k - +0 mace
rCold    . . .     Gourm    .   (no shield)
rNeg     . . .     Faith    .   a - +0 robe
rPois    .         Spirit   .   (helmet restricted)
rElec    .         Reflect  .   (no cloak)
rCorr    .         Harm     .   (gloves unavailable)
MR       .....                  (boots unavailable)
Stlth    +.........             (no amulet)
HPRegen  0.17/turn              (no ring)
MPRegen  0.11/turn              (no ring)

@: very slightly contaminated, invisible
A: large, unfitting armour, icy blue scales 1, yellow scales 1, see invisible,
fire resistance 1, tough skin 1, subdued magic 1
a: no special abilities


You were on level 6 of the Dungeon.
You were not hungry.

You visited 1 branch of the dungeon, and saw 7 of its levels.

You collected 46 gold pieces.

Inventory:

Hand Weapons
 c - a -3 war axe
 g - a +0 hand axe
 k - a +0 mace (weapon)
Missiles
 i - 22 poisoned needles
Armour
 a - a +0 robe (worn)
Scrolls
 j - 3 scrolls of teleportation {!r}
Potions
 e - a potion of cancellation {!q}
 f - a potion of invisibility {!q}
Books
 b - a book of Debilitation

   Spells                             Type                      Level
   a - Corona                         Hexes                        1
   b - Slow                           Hexes                        2
   c - Inner Flame                    Hexes/Fire                   3
   d - Portal Projectile              Hexes/Translocation          3
   e - Cause Fear                     Hexes                        4
   f - Leda's Liquefaction            Hexes/Earth                  4
 h - a book of Cantrips

   Spells                             Type                      Level
   a - Confusing Touch                Hexes                        1
   b - Animate Skeleton               Necromancy                   1
   c - Summon Small Mammal            Summoning                    1
   d - Apportation                    Translocation                1


   Skills:
 + Level 3.2 Fighting
 + Level 3.0 Throwing
 + Level 2.7 Dodging
 + Level 2.7 Spellcasting
 + Level 3.4 Hexes


You had 4 spell levels left.
You knew the following spells:

 Your Spells              Type           Power        Failure   Level  Hunger
a - Corona                Hex            #......      4%          1    #......
b - Summon Small Mammal   Summ           #...         19%         1    #......
e - Slow                  Hex            #.......     7%          2    ###....
z - Confusing Touch       Hex            #.....       4%          1    #......


Dungeon Overview and Level Annotations

Branches:
Dungeon (7/15)
 Temple: D:4-7

Altars:

Annotations:
D:3 Natasha
D:4 Amnesiac's ghost, amateur OgAM; Ijyb
D:5 Prince Ribbit
D:6 Eustachio


Innate Abilities, Weirdness & Mutations

You are too large for most types of armour.
You have tough skin. (AC +1)
You are partially covered in icy blue scales. (AC +2)
You are partially covered in yellow scales. (AC +2)
You have supernaturally acute eyesight. (SInv)
Your flesh is heat resistant. (rF+)
Your spells are a little easier to cast, but a little less powerful.


Message History

Aim: a centaur (lightly wounded, chance to defeat MR: 43%)
The centaur resists with significant effort.
The centaur hits you!
* * * LOW HITPOINT WARNING * * *
Casting: Corona
Confirm with . or Enter, or press ? or * to list all spells.
Aiming: Slow
Press: ? - help, Shift-Dir - straight line, f/p - centaur
Aim: a centaur (lightly wounded, chance to defeat MR: 43%)
The centaur resists with some effort.
The centaur hits you.
* * * LOW HITPOINT WARNING * * *
The centaur closely misses you.
Casting: Slow
Confirm with . or Enter, or press ? or * to list all spells.
Aiming: Corona
Press: ? - help, Shift-Dir - straight line, f/p - centaur
Aim: a centaur (lightly wounded, chance to defeat MR: 43%)
The centaur resists with significant effort.
The centaur hits you but does no damage.
Unknown command.
Casting: Corona
Confirm with . or Enter, or press ? or * to list all spells.
You don't have enough magic to cast that spell.
Casting: Corona
Confirm with . or Enter, or press ? or * to list all spells.
Aiming: Corona
Press: ? - help, Shift-Dir - straight line, f/p - centaur
Aim: a centaur (lightly wounded, chance to defeat MR: 43%)
The centaur resists with significant effort.
The centaur hits you but does no damage. x2
Unknown command.
You hit the centaur.
The centaur is moderately wounded.
The centaur hits you!
* * * LOW HITPOINT WARNING * * *
The centaur hits you but does no damage.
Really quaff
f - 2 fuming purple potions {!q}?
It was a potion of invisibility {!q}.
You fade into invisibility!
The centaur hits you.
* * * LOW HITPOINT WARNING * * *
The centaur completely misses you.
You are very lightly contaminated with residual magic.
You barely miss the centaur.
The centaur is moderately wounded.
The centaur barely misses you. The centaur hits you.
* * * LOW HITPOINT WARNING * * *
You hit the centaur.
The centaur is heavily wounded.
The centaur closely misses you. The centaur barely misses you.
You hit the centaur.
The centaur is heavily wounded.
The centaur hits you.
* * * LOW HITPOINT WARNING * * *
The centaur barely misses you.
You completely miss the centaur.
The centaur is heavily wounded.
The centaur hits you.
* * * LOW HITPOINT WARNING * * *
The centaur closely misses you.
You hit the centaur but do no damage.
The centaur is heavily wounded.
The centaur hits you!
You die...

#######
#.<...### #.
##.......# #..
#(.......##..#
#..@.......#
##c.......#
##(.....##
##(...##
##..## ##..##
##..## ##..##
####...###


You could see a centaur.

Vanquished Creatures
  A scorpion (D:7)
  A crimson imp (D:7)
  A hound (D:4)
  A worker ant (D:7)
  An adder (D:2)
  2 howler monkey skeletons
  An orc (D:7)
  2 giant cockroaches
  3 goblins
  A hobgoblin (D:1)
  A bat (D:1)
  A frilled lizard (D:1)
16 creatures vanquished.

Notes
Turn   | Place    | Note
-------+----------+-------------------------------------------
     0 | D:1      | Amnesiac the Ogre Arcane Marksman began the quest for the Orb.
     0 | D:1      | Reached XP level 1. HP: 19/19 MP: 2/2
   129 | D:2      | Found a faded altar of an unknown god.
   172 | D:2      | Reached XP level 2. HP: 7/28 MP: 0/4
   178 | D:2      | Gained mutation: You have supernaturally acute eyesight. (SInv) [potion of mutation]
   178 | D:2      | Gained mutation: You are partially covered in thin metallic scales. (AC +2) [potion of mutation]
   178 | D:2      | Gained mutation: You are partially covered in iridescent scales. (AC +2) [potion of mutation]
   178 | D:2      | HP: 1/28 [poisoned by an adder]
   497 | D:3      | Noticed Natasha
   509 | D:4      | Noticed Ijyb
   509 | D:4      | Reached XP level 3. HP: 36/36 MP: 2/6
   513 | D:4      | Noticed Amnesiac's ghost (amateur OgAM)
   578 | D:5      | Entered Level 5 of the Dungeon
   578 | D:5      | Noticed Prince Ribbit
   612 | D:6      | Learned a level 2 spell: Slow
   619 | D:6      | Lost mutation: You are partially covered in thin metallic scales. (AC +2) [potion of mutation]
   619 | D:6      | Lost mutation: You are partially covered in iridescent scales. (AC +2) [potion of mutation]
   619 | D:6      | Gained mutation: Your flesh is heat resistant. (rF+) [potion of mutation]
   619 | D:6      | Gained mutation: You are partially covered in yellow scales. (AC +2) [potion of mutation]
   619 | D:6      | Gained mutation: Your spells are a little easier to cast, but a little less powerful. [potion of mutation]
   619 | D:6      | Gained mutation: You are partially covered in icy blue scales. (AC +2) [potion of mutation]
   811 | D:7      | Learned a level 1 spell: Summon Small Mammal
   813 | D:7      | Learned a level 1 spell: Confusing Touch
   882 | D:7      | Reached XP level 4. HP: 43/44 MP: 7/7
   901 | D:6      | Noticed Eustachio
  1102 | D:7      | Reached XP level 5. HP: 15/53 MP: 1/8
  1730 | D:6      | Noticed a centaur
  1749 | D:6      | Mangled by a centaur

Vault maps used:
D:1:      lemuel_arrival_funnel, item_on_display_a
D:2:      chequers_ecumenical_altar_island, minmay_unequal
D:3:      minmay_goblin_kobold_castle, tso_altar,
          nicolae_dithmenos_through_a_glass_darkly, st_stairs_7,
          nemelex_xobeh_ov_fountains_minmay, uniq_natasha, uniq_terence,
          uniq_sigmund
D:4:      minmay_temple_entry_purple_smoke, first_ration, uniq_menkaure,
          uniq_ijyb, uniq_duvessa
D:5:      chequers_temple_overflow_minitemple, uniq_prince_ribbit1, uniq_grinder
D:6:      kennysheep_mini_moat, grunt_decor_one_mirror, uniq_eustachio

Skill      XL: |  1  2  3  4  5 |
---------------+----------------+-----
Dodging        | 2 |  2.7
Fighting       | 2 3 |  3.2
Spellcasting   | 2 |  2.7
Hexes          | 3 |  3.4
Throwing       | 3 |  3.0

Action                   |  1- 3 |  4- 6 || total
-------------------------+-------+-------++-------
Melee: Hand axe          |    46 |       ||    46
       Mace              |    43 |    48 ||    91
Throw: Large rock        |     7 |       ||     7
       Throwing net      |     4 |     2 ||     6
 Cast: Corona            |    24 |     9 ||    33
       Slow              |     1 |    12 ||    13
  Use: Potion            |     4 |     1 ||     5
       Scroll            |     3 |     1 ||     4
 Stab: Held in net/web   |     1 |       ||     1
  Eat: Chunk             |       |     1 ||     1
       Ration            |       |     1 ||     1
Armor: Robe              |    59 |    43 ||   102
Dodge: Dodged            |    73 |    35 ||   108

Table legend:
 A = Spawn XP
 B = Non-spawn XP
 C = Spawn XP percentage of total XP
 D = Spawn monster count
 E = Non-spawn monster count
 F = Spawn count percentage of total count
 G = Total turns spent on level
                    A         B        C        D         E        F      G
               +---------+---------+-------+---------+---------+-------+---------
         Total |       0 |     251 |   0.0 |       0 |      16 |   0.0 |  1749
               +---------+---------+-------+---------+---------+-------+---------
           D:1 |       0 |       4 |   0.0 |       0 |       3 |   0.0 |   101
           D:2 |       0 |      20 |   0.0 |       0 |       4 |   0.0 |   383
           D:3 |       0 |       1 |   0.0 |       0 |       1 |   0.0 |    24
           D:4 |       0 |      40 |   0.0 |       0 |       1 |   0.0 |    70
           D:6 |       0 |      17 |   0.0 |       0 |       2 |   0.0 |   194
           D:7 |       0 |     169 |   0.0 |       0 |       5 |   0.0 |   972
               +---------+---------+-------+---------+---------+-------+---------
